 Dungeon Crawl Stone Soup version 0.20.1-1-g8b1a95d (webtiles) character file.

18 letownia2 the Grave Robber (level 2, -2/22 HPs)
             Began as a Deep Dwarf Necromancer on Nov 1, 2017.
             Slain by Edmund
             ... wielding a +2 dire flail of draining
              (6 damage)
             ... on level 4 of the Dungeon.
             The game lasted 00:02:04 (700 turns).

letownia2 the Grave Robber (Deep Dwarf Necromancer)  Turns: 700, Time: 00:02:04

Health: -2/22      AC:  2    Str: 11    XL:     2   Next: 51%
Magic:  5/5        EV: 12    Int: 15    God:
Gold:   43         SH:  0    Dex: 13    Spells: 4/5 levels left

rFire    . . .     SeeInvis .   (no weapon)
rCold    . . .     Gourm    .   (no shield)
rNeg     . . .     Faith    .   a - +0 robe
rPois    +         Spirit   .   (no helmet)
rElec    .         Reflect  .   (no cloak)
rCorr    .         Harm     .   (no gloves)
MR       .....                  (no boots)
Stlth    ++........             (no amulet)
Regen    0.0/turn               h - ring of poison resistance
MPRegen  0.1/turn               (no ring)

@: non-regenerating
A: damage resistance, heal wounds, sense surroundings 1, no regeneration
a: Heal Wounds


You were on level 4 of the Dungeon.
You were not hungry.

You visited 1 branch of the dungeon, and saw 4 of its levels.

You collected 43 gold pieces.

Inventory:

Missiles
 d - 19 sling bullets
 g - 8 javelins (quivered)
Armour
 a - a +0 robe (worn)
Jewellery
 h - a ring of poison resistance (left hand)
Scrolls
 e - a scroll of remove curse {unknown}
 i - a scroll of teleportation {unknown}
Potions
 j - a potion of flight {unknown}
Books
 b - a book of Necromancy

   Spells                             Type                      Level
   a - Pain                           Necromancy                   1
   b - Animate Skeleton               Necromancy                   1
   c - Vampiric Draining              Necromancy                   3
   d - Regeneration                   Charms/Necromancy            3
   e - Animate Dead                   Necromancy                   4
   f - Control Undead                 Necromancy                   4
Comestibles
 c - a bread ration
 f - a fruit


   Skills:
 - Level 2.1 Dodging
 - Level 2.4 Stealth
 - Level 2.2 Spellcasting
 + Level 4.8 Necromancy


You had 4 spell levels left.
You knew the following spells:

 Your Spells              Type           Power        Failure   Level  Hunger
a - Pain                  Necr           ###.         3%          1    #......


Dungeon Overview and Level Annotations

Branches:
Dungeon (4/15)
 Temple: D:4-7

Altars:
Dithmenos

Annotations:
D:2 Terence
D:3 Ratty's ghost, amateur MiBe
D:4 Edmund


Innate Abilities, Weirdness & Mutations

You are resistant to damage.
You can heal yourself by infusing magical energy.
You passively map a small area around you.
You do not regenerate.


Message History

The bat hits you but does no damage. The bat hits you.
The bat closely misses you. The bat hits you but does no damage.
The bat closely misses you. The adder closely misses you.
The bat hits you but does no damage. The jackal bites you. The adder bites you.
* * * LOW HITPOINT WARNING * * *
The jackal misses you. Edmund barely misses you. The bat hits you.
You hit the bat.
The bat is severely wounded.
The bat hits you. The jackal barely misses you.
The adder completely misses you. The jackal barely misses you.
The adder bites you.
* * * LOW HITPOINT WARNING * * *
The bat closely misses you. The bat hits you.
Edmund hits you with a dire flail of draining!
You die...

#.......# * , ,
.......## * , ,
.......# ##### , ,
......## ###...##
,
......####......#
,
#####h.##......h##
* ##........S.h# *
, ##........@h#
##......$.@#
##......b..# * *
##........# *
##...$...# ,
###....## , ,,
##..## * #.. , ,
... , * ,


You could see Edmund, an adder, 3 jackals and a bat.

Vanquished Creatures
  A leopard gecko (D:3)
  4 giant cockroaches
  A goblin (D:2)
  3 hobgoblins
  2 bats
  A frilled lizard (D:2)
  A kobold (D:1)
  4 rats
17 creatures vanquished.

Notes
Turn   | Place    | Note
-------+----------+-------------------------------------------
     0 | D:1      | letownia2 the Deep Dwarf Necromancer began the quest for the Orb.
     0 | D:1      | Reached XP level 1. HP: 15/15 MP: 3/3
   269 | D:2      | Found a shadowy altar of Dithmenos.
   300 | D:2      | Noticed Terence
   350 | D:3      | Reached XP level 2. HP: 22/22 MP: 3/5
   601 | D:3      | Noticed Ratty's ghost (amateur MiBe)
   687 | D:4      | Noticed Edmund
   700 | D:4      | Slain by Edmund

Skill      XL: |  1 |
---------------+----+-----
Spellcasting   | 2 |  2.2
Dodging        | |  2.1
Stealth        | |  2.4
Necromancy     | |  4.8

Action                   || total
-------------------------++-------
Melee: Unarmed           ||    18
 Cast: Pain              ||    27
Armor: Robe              ||    24
Dodge: Dodged            ||    84
